 Dungeon Crawl Stone Soup version 0.29-a0-997-gf6f7e2dfe7 (webtiles) character file.

Game seed: 202983438994738325

803 siradein the Skirmisher (level 7, -1/36 HPs)
             Began as a Gargoyle Hunter on Aug 4, 2022.
             Was a Follower of Hepliaklqana.
             Slain by a wight
             ... wielding a +2 war axe
              (11 damage)
             ... on level 5 of the Dungeon.
             The game lasted 00:09:01 (4835 turns).

siradein the Skirmisher (Gargoyle Hunter)           Turns: 4835, Time: 00:09:01

Health: -1/36      AC:  9    Str: 15    XL:     7   Next: 91%
Magic:  7/7        EV: 11    Int:  9    God:    Hepliaklqana [*.....]
Gold:   397        SH:  0    Dex: 15    Spells: 6/6 levels left

rFire   . . .      SeeInvis .   a - +0 shortbow
rCold   + . .      Faith    .   (shield currently unavailable)
rNeg    + . .      Spirit   .   o - +2 leather armour {rC+}
rPois   ∞          Reflect  .   (no helmet)
rElec   +          Harm     .   (no cloak)
rCorr   .          Rampage  .   (no gloves)
Will    .....                   (no boots)
Stlth   ++........              (no amulet)
HPRegen 0.12/turn               (no ring)
MPRegen 0.10/turn               (no ring)

@: no status effects
A: reduced essence, sickness immunity, AC +4, negative energy resistance 1,
electricity resistance, torment resistance 1, petrification resistance
a: Renounce Religion, Recall Ancestor, Ancestor Identity


You were on level 5 of the Dungeon.
You worshipped Hepliaklqana.
Hepliaklqana was aware of your devotion.
You visited 2 branches of the dungeon, and saw 7 of its levels.
You also visited: Sewer.

You collected 397 gold pieces.

Inventory:

Hand Weapons
 a - a +0 shortbow (weapon)
Missiles
 n - 2 throwing nets
Armour
 o - a +2 leather armour of cold resistance (worn)
Wands
 q - a wand of digging (4)
 w - a wand of paralysis (12)
 z - a wand of acid (4)
Scrolls
 b - a scroll of vulnerability
 c - 2 scrolls of enchant armour {unknown}
 e - a scroll of poison {unknown}
 i - a scroll of identify
 m - a scroll of fear
 p - 2 scrolls of fog {unknown}
 r - a scroll of silence {unknown}
 s - 3 scrolls of magic mapping {unknown}
 t - 2 scrolls of teleportation {unknown}
 v - a scroll of enchant weapon {unknown}
 y - a scroll of amnesia
Potions
 d - 2 potions of heal wounds
 f - 3 potions of brilliance {unknown}
 g - 2 potions of might {unknown}
 h - a potion of berserk rage {unknown}
 j - 2 potions of flight {unknown}
 k - a potion of attraction {unknown}
 l - 4 potions of curing
 u - a potion of lignification {unknown}
 x - a potion of magic {unknown}
 A - a potion of resistance {unknown}
 B - 2 potions of mutation {unknown}
 C - a potion of experience {unknown}


   Skills:
 - Level 2.1 Fighting
 + Level 9.5 Ranged Weapons
 - Level 1.5 Dodging
 - Level 1.1 Stealth


You had 6 spell levels left.
You didn't know any spells.
Your spell library contained the following spells:

 Spells                   Type           Power      Damage    Failure   Level
 Freeze                   Ice            0%         1d3       45%         1
 Poisonous Vapours        Pois/Air       0%         N/A       58%         2
 Frozen Ramparts          Ice            0%         1d8       83%         3
 Corpse Rot               Necr/Pois/Air  0%         N/A       99%         4
 Hailstorm                Conj/Ice       0%         3d3       99%         4


Dungeon Overview and Level Annotations

Branches:
Dungeon (6/15)             Temple (1/1) D:4           Sewer (visited)

Altars:
Ashenzari
Cheibriados
Dithmenos
Elyvilon
Fedhas
Gozag
Hepliaklqana
Makhleb
Nemelex Xobeh
Okawaru
Qazlal
Ru
Trog
Wu Jian
Xom
Yredelemnul
Zin
The Shining One

Shops:
D:3 :[*(


Innate Abilities, Weirdness & Mutations

Your life essence is reduced to manifest your ancestor. (-10% HP)
You are immune to sickness and miasma.
Your stone body is resilient. (AC +4)
You are immune to poison.
You resist negative energy. (rN+)
You are resistant to electric shocks. (rElec)
You are resistant to unholy torment.
You are immune to petrification.


Message History

You climb upwards.
There is a stone staircase leading down here.
Fire: a) +0 shortbow
Press: ? - help, Q - select action, (/) - cycle Shift-Dir - straight line, f - wight
Aim: a wight, wielding a +2 war axe and wearing a +0 robe (64% to hit)
You shoot an arrow. The arrow hits the wight.
The wight is moderately damaged.
The wight hits you with a +2 war axe!
* * * LOW HITPOINT WARNING * * *
Fire: a) +0 shortbow
Press: ? - help, Q - select action, (/) - cycle Shift-Dir - straight line, f/p - wight
Aim: a wight, wielding a +2 war axe and wearing a +0 robe (moderately damaged, 64% to hit)
You shoot an arrow. The arrow closely misses the wight.
The wight barely misses you.
Fire: a) +0 shortbow
Press: ? - help, Q - select action, (/) - cycle Shift-Dir - straight line, f/p - wight
Aim: a wight, wielding a +2 war axe and wearing a +0 robe (moderately damaged, 64% to hit)
You shoot an arrow. The arrow hits the wight.
The wight is severely damaged.
The wight barely misses you.
Fire: a) +0 shortbow
Press: ? - help, Q - select action, (/) - cycle Shift-Dir - straight line, f/p - wight
Aim: a wight, wielding a +2 war axe and wearing a +0 robe (severely damaged, 64% to hit)
You shoot an arrow.
The arrow hits the wight but does no damage.
The wight is severely damaged.
The wight completely misses you.
Fire: a) +0 shortbow
Press: ? - help, Q - select action, (/) - cycle Shift-Dir - straight line, f/p - wight
Aim: a wight, wielding a +2 war axe and wearing a +0 robe (severely damaged, 64% to hit)
You shoot an arrow. The arrow hits the wight.
The wight is severely damaged.
The wight misses you.
Fire: a) +0 shortbow
Press: ? - help, Q - select action, (/) - cycle Shift-Dir - straight line, f/p - wight
Aim: a wight, wielding a +2 war axe and wearing a +0 robe (severely damaged, 64% to hit)
You shoot an arrow. The arrow hits the wight.
The wight is severely damaged.
The wight hits you with a +2 war axe!
You die...

#..............#....
#.####.............. #.#
#.######.####.# ##.## #.#
#.# ##. ###...###.# #.# #.
#...#.....# #.# #.
#.#..R##### #.# ##
#.##.####### #>#
#.#...@z...# #.#
#.#.#####..# #.#
#.#.#####..# #.#
#.#.##.....# #.#
#>#.##.##.## #.# #.#.##.##.#
#.# #.#.......# #.#
###########.####.#### #.#
............####.#########.#


You could see a wight.

Vanquished Creatures
  Menkaure (D:5)
  A kobold brigand (Sewer)
  A scorpion (D:5)
  A wight (D:6)
  5 hounds
  An iguana (D:5)
  An orc wizard (D:3)
  4 gnolls
  3 adders
  A shadow imp (D:5)
  An ufetubus (D:4)
  A worm (D:5)
  2 dart slugs (D:1)
  9 orcs
  2 endoplasms (D:1)
  5 giant cockroaches
  5 goblins
  9 hobgoblins
  3 jackals (D:1)
  6 quokkas
  7 ball pythons
  8 bats
  A frilled lizard (D:1)
  10 kobolds
  6 rats
94 creatures vanquished.

Vanquished Creatures (collateral kills)
  A kobold brigand (Sewer)
  A wight (D:6)
  An ufetubus (D:6)
  3 kobolds (Sewer)
  A bat (Sewer)
  A frilled lizard (Sewer)
8 creatures vanquished.

Vanquished Creatures (others)
  2 ancestors
  A plant (Sewer)
3 creatures vanquished.

Grand Total: 105 creatures vanquished

Notes
Turn   | Place    | Note
-------+----------+-------------------------------------------
     0 | D:1      | siradein the Gargoyle Hunter began the quest for the Orb.
     0 | D:1      | Reached XP level 1. HP: 12/12 MP: 1/1
    95 | D:1      | Reached XP level 2. HP: 7/17 MP: 2/2
   574 | D:1      | Reached XP level 3. HP: 21/21 MP: 3/3
   602 | D:1      | Reached skill level 5 in Ranged Weapons
   925 | D:2      | Reached XP level 4. HP: 19/26 MP: 4/4
  1008 | D:2      | Found a faded altar of an unknown god.
  1093 | D:3      | Found Veobablo's Assorted Antiques.
  1201 | D:3      | Found Kuxzauhi's Book Shoppe.
  1218 | D:3      | Found Bowi's Antique Armour Shoppe.
  1307 | D:3      | Reached skill level 6 in Ranged Weapons
  1317 | D:3      | Reached XP level 5. HP: 21/30 MP: 5/5
  1797 | D:3      | Found Yhesmas's Weapon Shoppe.
  1906 | D:2      | Found a shimmering altar of Xom.
  2036 | D:3      | Found a glowing golden altar of the Shining One.
  2047 | D:3      | Found a bloodstained altar of Trog.
  2304 | D:4      | Reached skill level 7 in Ranged Weapons
  2304 | D:4      | Reached XP level 6. HP: 22/35 MP: 6/6
  2762 | D:4      | Found a staircase to the Ecumenical Temple.
  2961 | Temple   | Entered the Ecumenical Temple
  3068 | Temple   | Became a worshipper of Hepliaklqana the Forgotten
  3134 | D:5      | Entered Level 5 of the Dungeon
  3757 | D:5      | Noticed Menkaure
  3762 | D:5      | Killed Menkaure
  3763 | D:5      | Reached skill level 8 in Ranged Weapons
  3763 | D:5      | Reached XP level 7. HP: 37/40 MP: 7/7
  4302 | D:6      | Reached * piety under Hepliaklqana
  4392 | D:6      | Found a glowing drain.
  4396 | Sewer    | Entered a sewer
  4578 | Sewer    | Reached skill level 9 in Ranged Weapons
  4835 | D:5      | Slain by a wight

Illustrated notes

Levels and vault maps discovered:
D:1:      nicolae_arrival_washed_ashore, layout_basic
D:2:      layout_basic, basic_altar, ebering_ecumenical_altar_mist
D:3:      layout_rooms, amethyst_overflow_temple_binary, serial_shops,
          nicolae_shop_hallway_plus, nicolae_shop_bloodbath_and_beyond, shop,
          nicolae_diamond_shop, cheibrodos_gnoll_hut
D:4:      layout_loops_ring, minmay_temple_entry_drinking_statues
D:5:      layout_loops_ring, minmay_curled_crystal, hangedman_decor_slide_cut,
          uniq_menkaure
D:6:      layout_cave_pools, gup_sewer_entry_bowl, nicolae_elemental_shop,
          hangedman_abyss_or_decor_lesser_grid, eino_tiny_chamber,
          minmay_stone_trees_small, hellmonk_bongcloud_opening, uniq_maggie
Temple:   nicolae_temple_superstar

Skill      XL: |  1  2  3  4  5  6  7 |
---------------+----------------------+-----
Ranged Weapons | 5 6 7 8 9 |  9.5
Fighting       | |  2.1
Dodging        | |  1.5
Stealth        | |  1.1

Action                   |  1- 3 |  4- 6 |  7- 9 || total
-------------------------+-------+-------+-------++-------
 Fire: Shortbow          |    78 |   167 |    88 ||   333
Invok: Ancestor Identity |       |       |     1 ||     1
  Use: Scroll            |       |     1 |     5 ||     6
Armor: Leather armour    |    12 |    48 |    22 ||    82
Dodge: Dodged            |    35 |    64 |    35 ||   134

Table legend: (Time is in decaauts)
 A = Elapsed time spent in this place.
 B = Non-inter-level travel time spent in this place.
 C = Inter-level travel time spent in this place.
 D = Time resting spent in this place.
 E = Time spent auto-exploring this place.
 F = Levels seen in this place.
 G = Mean time per level.
                   A        B        C        D        E       F      G
               +--------+--------+--------+--------+--------+-----+--------+
         Total |   4927 |   4583 |    344 |      0 |   3877 |   8 |  615.9 |
       Dungeon |   4416 |   4085 |    331 |      0 |   3506 |   6 |  736.0 |
        Temple |    119 |    107 |     12 |      0 |     73 |   1 |  119.0 |
         Sewer |    391 |    391 |      0 |      0 |    297 |   1 |  391.0 |
               +--------+--------+--------+--------+--------+-----+--------+

Top non-repeatable levels by time:
     D:5: 1207 daAuts
     D:3: 1037 daAuts
     D:1: 855 daAuts
     D:4: 849 daAuts
   Sewer: 391 daAuts
     D:2: 322 daAuts
     D:6: 146 daAuts
  Temple: 119 daAuts
